BSA
SPRINGFIELD STARS @ ORLANDO CALRISSIAN
08/31/2024
 
TOP OF THE 1ST
Springfield Stars batting - Pitching for Orlando Calrissian : LHP Mark Collins
Pitching: LHP Mark Collins
Batting: RHB Calvin Bennett 0-0: Ball
1-0: Called Strike
1-1: Swinging Strike
1-2: SINGLE (Line Drive, 7LS)
Batting: RHB Juan Rodríguez 0-0: Ball
1-0: Foul Ball, location: 2F
1-1: Ball
2-1: Foul Ball, location: 2F
2-2: 2-RUN HOME RUN (Flyball, 8LXD), Distance : 414 ft
Batting: LHB César Valentín 0-0: Called Strike
0-1: Ball
1-1: Swinging Strike
1-2: Strikes out swinging passed ball, reaches first!
Batting: LHB Derek Davidson 0-0: Ball
1-0: Called Strike
1-1: SINGLE (Groundball, 34D)
César Valentín to second
Runner from 2nd tries for 3rd, SAFE, no throw or cutoff
Batting: LHB Felipe Guerrero 0-0: Ball
1-0: Foul Ball, location: 2F
1-1: Swinging Strike
1-2: Strikes out swinging
Batting: RHB Miguel Salinas 0-0: Ball
1-0: Fly out, F4 (Popup, 4)
Batting: RHB Miguel Monteagudo 0-0: Called Strike
0-1: Swinging Strike
0-2: Ball
1-2: Ball
2-2: Strikes out swinging
Top of the 1st over - 2 run(s), 3 hit(s), 0 error(s), 2 left on base; Springfield 2 - Orlando 0
BOTTOM OF THE 1ST
Orlando Calrissian batting - Pitching for Springfield Stars : RHP Adrián Serrano
Pitching: RHP Adrián Serrano
Batting: LHB Bryan Foster 0-0: Ball
1-0: Foul Ball, location: 2F
1-1: Foul Ball, location: 2F
1-2: Ground out 3-1 (Groundball, 34)
Batting: RHB Dave Mullen 0-0: Ball
1-0: Foul Ball, location: 2F
1-1: SINGLE (Groundball, 4M)
Batting: RHB Rich Anderson 0-0: Ball
Dave Mullen steals 2nd base
1-0: Ball
Dave Mullen is caught stealing 3rd base
2-0: Ground out 1-3 (Groundball, 13S)
Bottom of the 1st over - 0 run(s), 1 hit(s), 0 error(s), 0 left on base; Springfield 2 - Orlando 0
TOP OF THE 2ND
Springfield Stars batting - Pitching for Orlando Calrissian : LHP Mark Collins
Batting: LHB Jesús Tobías 0-0: Ball
1-0: Called Strike
1-1: Swinging Strike
1-2: Ball
2-2: Ball
3-2: Foul Ball, location: 2F
3-2: Base on Balls
Batting: SHB David García 0-0: Called Strike
Jesús Tobías is caught stealing 2nd base
0-1: Ball
1-1: Fly out, F8 (Flyball, 8RM)
Batting: RHB Calvin Bennett 0-0: Called Strike
0-1: Called Strike
0-2: Ball
1-2: Foul Ball, location: 2F
1-2: Ball
2-2: DOUBLE (Line Drive, 9LS) - OUT at third base trying to stretch hit.
Top of the 2nd over - 0 run(s), 1 hit(s), 0 error(s), 0 left on base; Springfield 2 - Orlando 0
BOTTOM OF THE 2ND
Orlando Calrissian batting - Pitching for Springfield Stars : RHP Adrián Serrano
Batting: LHB Santiago Márquez 0-0: Called Strike
0-1: Swinging Strike
0-2: Ground out U3 (Groundball, 3S)
Batting: SHB Mark Simmons 0-0: Called Strike
0-1: Foul Ball, location: 2F
0-2: Ball
1-2: Foul Ball, location: 2F
1-2: Ball
2-2: Fly out, F8 (Flyball, 8RD)
Batting: RHB Jesús Maes 0-0: Called Strike
0-1: SINGLE (Line Drive, 7LS)
Batting: LHB Rubén Díaz 0-0: Ball
1-0: Fly out, F8 (Line Drive, 8RM)
Bottom of the 2nd over - 0 run(s), 1 hit(s), 0 error(s), 1 left on base; Springfield 2 - Orlando 0
TOP OF THE 3RD
Springfield Stars batting - Pitching for Orlando Calrissian : LHP Mark Collins
Batting: RHB Juan Rodríguez 0-0: Swinging Strike
0-1: Swinging Strike
0-2: Strikes out swinging
Batting: LHB César Valentín 0-0: Ball
1-0: Fly out, F8 (Flyball, 78XD)
Batting: LHB Derek Davidson 0-0: Foul Ball, location: 2F
0-1: Ground out U3 (Groundball, 3S)
Top of the 3rd over - 0 run(s), 0 hit(s), 0 error(s), 0 left on base; Springfield 2 - Orlando 0
BOTTOM OF THE 3RD
Orlando Calrissian batting - Pitching for Springfield Stars : RHP Adrián Serrano
Batting: LHB Tom Mullins 0-0: Called Strike
0-1: Called Strike
0-2: Ball
1-2: Foul Ball, location: 2F
1-2: Ball
2-2: Fly out, F8 (Line Drive, 8LD)
Batting: RHB Eugene Gill 0-0: Foul Ball, location: 2F
0-1: Ball
1-1: Fly out, F4 (Popup, 4MD)
Batting: LHB Bryan Foster 0-0: Ball
1-0: Ball
2-0: Ball
3-0: Called Strike
3-1: Base on Balls
Batting: RHB Dave Mullen 0-0: Fielders Choice at 2nd, 6-4 (Groundball, 6)
Bottom of the 3rd over - 0 run(s), 0 hit(s), 0 error(s), 0 left on base; Springfield 2 - Orlando 0
TOP OF THE 4TH
Springfield Stars batting - Pitching for Orlando Calrissian : LHP Mark Collins
Batting: LHB Felipe Guerrero 0-0: Called Strike
0-1: Called Strike
0-2: Strikes out swinging
Batting: RHB Miguel Salinas 0-0: Called Strike
0-1: Ground out 1-6-3 (Groundball, 15S)
Batting: RHB Miguel Monteagudo 0-0: SINGLE (Flyball, 89S)
Batting: LHB Jesús Tobías 0-0: Ball
1-0: Called Strike
1-1: Ground out 2-3 (Groundball, 23)
Top of the 4th over - 0 run(s), 1 hit(s), 0 error(s), 1 left on base; Springfield 2 - Orlando 0
BOTTOM OF THE 4TH
Orlando Calrissian batting - Pitching for Springfield Stars : RHP Adrián Serrano
Batting: RHB Rich Anderson 0-0: SINGLE (Groundball, 6D)
Batting: LHB Santiago Márquez 0-0: Foul Ball, location: 2F
0-1: Foul Ball, location: 2F
0-2: Foul Ball, location: 2F
0-2: Ball
1-2: Grounds into double play, 1-4-3 (Groundball, 25)
Batting: SHB Mark Simmons 0-0: Ball
1-0: Fly out, F7 (Flyball, 7D)
Bottom of the 4th over - 0 run(s), 1 hit(s), 0 error(s), 0 left on base; Springfield 2 - Orlando 0
TOP OF THE 5TH
Springfield Stars batting - Pitching for Orlando Calrissian : LHP Mark Collins
Batting: SHB David García 0-0: Swinging Strike
0-1: Ball
1-1: Called Strike
1-2: Strikes out looking
Batting: RHB Calvin Bennett 0-0: Called Strike
0-1: Ball
1-1: Called Strike
1-2: Foul Ball, location: 2F
1-2: Foul Ball, location: 2F
1-2: Strikes out swinging
Batting: RHB Juan Rodríguez 0-0: Foul Ball, location: 2F
0-1: Foul Ball, location: 2F
0-2: Ground out 5-3 (Groundball, 5L)
Top of the 5th over - 0 run(s), 0 hit(s), 0 error(s), 0 left on base; Springfield 2 - Orlando 0
BOTTOM OF THE 5TH
Orlando Calrissian batting - Pitching for Springfield Stars : RHP Adrián Serrano
Batting: RHB Jesús Maes 0-0: Called Strike
0-1: Fly out, F8 (Line Drive, 8LD)
Batting: LHB Rubén Díaz 0-0: Swinging Strike
0-1: Ball
1-1: Fly out, F7 (Popup, 56D)
Batting: LHB Tom Mullins 0-0: Ball
1-0: Ball
2-0: Fly out, F5 (Popup, 5F)
Bottom of the 5th over - 0 run(s), 0 hit(s), 0 error(s), 0 left on base; Springfield 2 - Orlando 0
TOP OF THE 6TH
Springfield Stars batting - Pitching for Orlando Calrissian : LHP Mark Collins
Batting: LHB César Valentín 0-0: Ball
1-0: Ball
2-0: Called Strike
2-1: Foul Ball, location: 2F
2-2: Ground out 4-3 (Groundball, 4)
Batting: LHB Derek Davidson 0-0: Called Strike
0-1: Swinging Strike
0-2: Ball
1-2: Strikes out swinging
Batting: LHB Felipe Guerrero 0-0: Foul Ball, location: 2F
0-1: Foul Ball, location: 2F
0-2: Foul Ball, location: 2F
0-2: Foul Ball, location: 2F
0-2: Ball
1-2: Foul Ball, location: 2F
1-2: Ball
2-2: Ball
3-2: Ground out 4-3 (Groundball, 4)
Top of the 6th over - 0 run(s), 0 hit(s), 0 error(s), 0 left on base; Springfield 2 - Orlando 0
BOTTOM OF THE 6TH
Orlando Calrissian batting - Pitching for Springfield Stars : RHP Adrián Serrano
Batting: RHB Eugene Gill 0-0: Ground out 4-3 (Groundball, 4)
Batting: LHB Bryan Foster 0-0: Ball
1-0: Foul Ball, location: 2F
1-1: Ball
2-1: Foul Ball, location: 2F
2-2: Foul Ball, location: 2F
2-2: SINGLE (Line Drive, 34)
Batting: RHB Dave Mullen 0-0: Ball
1-0: Foul Ball, location: 2F
1-1: Swinging Strike
1-2: Fly out, F2 (Popup, 25F)
Batting: RHB Rich Anderson 0-0: Called Strike
0-1: Ball
1-1: Fly out, F9 (Flyball, 9D)
Bottom of the 6th over - 0 run(s), 1 hit(s), 0 error(s), 1 left on base; Springfield 2 - Orlando 0
TOP OF THE 7TH
Springfield Stars batting - Pitching for Orlando Calrissian : LHP Mark Collins
Batting: RHB Miguel Salinas 0-0: Called Strike
0-1: Called Strike
0-2: Ball
1-2: DOUBLE (Flyball, 7LD)
Batting: RHB Miguel Monteagudo 0-0: Intentional Walk
Pitching: LHP Mark Murchison
Batting: LHB Jesús Tobías 0-0: Ball
1-0: Sac Bunt - play at first, batter OUT! 6-3
Miguel Salinas to third
Miguel Monteagudo to second
Pinch Hitting: RHB Alberto Campos 0-0: Ball
1-0: Ball
2-0: Swinging Strike
2-1: Fly out, F7 (Flyball, 7M)
Batting: RHB Calvin Bennett 0-0: Ball
1-0: Ball
2-0: Foul Ball, location: 2F
2-1: Foul Ball, location: 2F
2-2: Ball
3-2: Base on Balls
Batting: RHB Juan Rodríguez 0-0: Ball
1-0: Foul Ball, location: 2F
1-1: Called Strike
1-2: Ball
2-2: Strikes out looking
Top of the 7th over - 0 run(s), 1 hit(s), 0 error(s), 3 left on base; Springfield 2 - Orlando 0
BOTTOM OF THE 7TH
Orlando Calrissian batting - Pitching for Springfield Stars : RHP Adrián Serrano
Now at SS: Ryan Drake
Batting: LHB Santiago Márquez 0-0: Foul Ball, location: 2F
0-1: Foul Ball, location: 2F
0-2: Ball
1-2: Strikes out swinging
Batting: SHB Mark Simmons 0-0: Foul Ball, location: 2F
0-1: Ball
1-1: Fly out, F9 (Flyball, 9M)
Batting: RHB Jesús Maes 0-0: Fly out, F6 (Line Drive, 6)
Bottom of the 7th over - 0 run(s), 0 hit(s), 0 error(s), 0 left on base; Springfield 2 - Orlando 0
TOP OF THE 8TH
Springfield Stars batting - Pitching for Orlando Calrissian : LHP Mark Murchison
Batting: LHB César Valentín 0-0: Ball
1-0: Called Strike
1-1: Swinging Strike
1-2: DOUBLE (Flyball, 9LD)
Batting: LHB Derek Davidson 0-0: Ball
1-0: Ball
2-0: Fly out, F9 (Flyball, 9M)
Batting: LHB Felipe Guerrero 0-0: Intentional Walk
Batting: RHB Miguel Salinas 0-0: Ball
1-0: Called Strike
1-1: Called Strike
1-2: Strikes out looking
Batting: RHB Miguel Monteagudo 0-0: Foul Ball, location: 2F
0-1: Swinging Strike
0-2: Ball
1-2: Foul Ball, location: 2F
1-2: Ball
2-2: DOUBLE (Line Drive, 5L)
César Valentín scores
Felipe Guerrero to third
Runner from 3rd tries for Home, SAFE, no throw or cutoff
Pitching: RHP Josh Graham
Batting: LHB Jesús Tobías 0-0: Ball
1-0: Fly out, F9 (Flyball, 9D)
Top of the 8th over - 2 run(s), 2 hit(s), 0 error(s), 1 left on base; Springfield 4 - Orlando 0
BOTTOM OF THE 8TH
Orlando Calrissian batting - Pitching for Springfield Stars : RHP Adrián Serrano
Batting: LHB Rubén Díaz 0-0: Ground out 1-3 (Groundball, 13S)
Batting: LHB Tom Mullins 0-0: Called Strike
0-1: Ball
1-1: Foul Ball, location: 2F
1-2: Ball
2-2: Ball
3-2: Base on Balls
Batting: RHB Eugene Gill 0-0: Ball
1-0: Ball
2-0: Called Strike
2-1: SINGLE (Groundball, 4MD)
Tom Mullins to second
Batting: LHB Bryan Foster 0-0: Called Strike
0-1: Ball
1-1: Foul Ball, location: 2F
1-2: DOUBLE (Flyball, 78XD)
Tom Mullins scores
Eugene Gill to third
Runner from 3rd tries for Home, SAFE, no throw or cutoff
Pitching: RHP Ramón Vélez
Batting: RHB Dave Mullen 0-0: Ground out 1-3 (Groundball, 34S)
Bryan Foster to third
Pitching: RHP José López
Batting: RHB Rich Anderson 0-0: Ball
1-0: Swinging Strike
1-1: Called Strike
1-2: Strikes out swinging
Bottom of the 8th over - 2 run(s), 2 hit(s), 0 error(s), 1 left on base; Springfield 4 - Orlando 2
TOP OF THE 9TH
Springfield Stars batting - Pitching for Orlando Calrissian : RHP Josh Graham
Batting: LHB Ryan Drake 0-0: Swinging Strike
0-1: Swinging Strike
0-2: Fly out, F7 (Flyball, 8LXD)
Batting: RHB Calvin Bennett 0-0: Ball
1-0: Ball
2-0: Fly out, F4 (Line Drive, 4)
Batting: RHB Juan Rodríguez 0-0: Ball
1-0: Ball
2-0: SINGLE (Groundball, 5L)
Batting: LHB César Valentín 0-0: Ball
1-0: Ball
2-0: Called Strike
2-1: Ball
3-1: Foul Ball, location: 2F
3-2: Ground out 5-3 (Groundball, 5)
Top of the 9th over - 0 run(s), 1 hit(s), 0 error(s), 1 left on base; Springfield 4 - Orlando 2
BOTTOM OF THE 9TH
Orlando Calrissian batting - Pitching for Springfield Stars : RHP José López
Pitching: LHP Glenn Tutt
Batting: LHB Santiago Márquez 0-0: Swinging Strike
0-1: Called Strike
0-2: Ball
1-2: Strikes out swinging
Batting: SHB Mark Simmons 0-0: Called Strike
0-1: Foul Ball, location: 2F
0-2: Foul Ball, location: 2F
0-2: Ball
1-2: Ground out 6-3 (Groundball, 6)
Batting: RHB Jesús Maes 0-0: Ball
1-0: Swinging Strike
1-1: Ball
2-1: Foul Ball, location: 2F
2-2: Ground out U3 (Groundball, 3)
Bottom of the 9th over - 0 run(s), 0 hit(s), 0 error(s), 0 left on base; Springfield 4 - Orlando 2
This league is powered by Out of the Park Baseball, the baseball management simulation game for PC, Mac and Linux
Saturday, April 9th, 2016 - OOTP Baseball 16.8 Build 38